 Dungeon Crawl Stone Soup version 0.19-a0-1468-ge013c26 (webtiles) character file.

328 Legolas the Slasher (level 6, -3/43 HPs)
             Began as a High Elf Fighter on Sept 7, 2016.
             Killed by nerve-wracking pain
             ... invoked by an orc priest
              (10 damage)
             ... on level 4 of the Dungeon.
             The game lasted 00:02:35 (2569 turns).

Legolas the Slasher (High Elf Fighter)              Turns: 2569, Time: 00:02:36

Health: -3/43      AC: 10    Str: 14 (17) XL:     6   Next: 25%
Magic:  7/7        EV:  9    Int: 11 (13) God:
Gold:   147        SH:  0    Dex: 11 (14) Spells: 0 memorised, 5 levels left

rFire  . . .     SeeInvis .     a - +0 long sword
rCold  . . .     Gourm    .     b - +0 scale mail
rNeg   . . .     Faith    .     (no shield)
rPois  .         Spirit   .     n - +2 hat
rElec  .         Dismiss  .     (no cloak)
rCorr  .         Reflect  .     s - +0 pair of gloves
MR     .....     Harm     .     (no boots)
Stlth  ..........               (no amulet)
                                (no ring)
                                (no ring)

@: no status effects
A: no striking features
a: no special abilities


You were on level 4 of the Dungeon.
You were hungry.

You visited 1 branch of the dungeon, and saw 4 of its levels.

You collected 147 gold pieces.

Inventory:

Hand Weapons
 a - a +0 long sword (weapon)
Armour
 b - a +0 scale mail (worn)
 c - a +0 shield
 n - a +2 hat (worn)
 s - a +0 pair of gloves (worn)
Scrolls
 d - a scroll of amnesia {unknown}
 e - a scroll of magic mapping {unknown}
 h - 3 scrolls of remove curse
 i - a scroll of noise {unknown}
 j - a scroll of enchant armour
 k - a scroll of fog {unknown}
 m - a scroll of identify {unknown}
 q - a scroll of teleportation {unknown}
Potions
 g - a potion of curing
Comestibles
 f - 4 bread rations
 l - 3 meat rations
 o - a royal jelly
 p - a beef jerky


   Skills:
 + Level 4.0 Fighting
 * Level 5.3 Long Blades
 + Level 4.2 Armour
 + Level 1.9 Dodging
 - Level 2.6 Shields


You had 5 spell levels left.
You didn't know any spells.

Dungeon Overview and Level Annotations

Branches:
Dungeon (4/15)
 Temple: D:4-7

Altars:


Message History

You kill the orc!
The giant frog skeleton hits you.
The orc hits you from afar with a trident of freezing.
The orc freezes you.
Unknown command.
You closely miss the orc priest.
The orc priest is almost dead.
The giant frog skeleton hits you.
* * * LOW HITPOINT WARNING * * *
The orc priest completely misses you. The orc hits you with a flail.
* * * LOW HITPOINT WARNING * * *
The giant frog skeleton hits you but does no damage.
The ball python bites you but does no damage.
The ball python closely misses you. The orc barely misses you.
A ball python comes into view.
You barely miss the orc priest.
The orc priest is severely wounded.
The orc priest calls down the wrath of Beogh upon you.
Pain shoots through your body!
You die...

#..)..# #.....# #.....#
##########.....#
.........#.....#
#....)>.......#
..##.............#
....)###S.##.....#
#oo@..##.[...######
#..oZ)..####.......#
............# #.......#
............###....)..#
.................######
............###.##
..#.........# #.#
###.........# #.#
.......###.#


You could see an orc priest, 2 orcs, a ball python and a giant frog skeleton.

Vanquished Creatures
  An ogre (D:4)
  A scorpion (D:3)
  The ghost of stickyfingers the Chopper, a weakling HOMo (D:3)
  An orc priest (D:4)
  A worker ant (D:4)
  2 adders
  An ooze (D:1)
  A worm (D:3)
  6 dart slugs
  A giant gecko (D:1)
  3 orcs
  4 giant cockroaches
  3 hobgoblins
  8 jackals
  6 kobolds
  A quokka (D:1)
  A ball python (D:1)
  3 bats
  A giant newt (D:1)
  7 goblins
  A quokka skeleton (D:4)
  5 rats
59 creatures vanquished.

Notes
Turn   | Place    | Note
-------+----------+-------------------------------------------
     0 | D:1      | Legolas the High Elf Fighter began the quest for the Orb.
     0 | D:1      | Reached XP level 1. HP: 16/16 MP: 2/2
   149 | D:1      | Reached XP level 2. HP: 10/21 MP: 3/3
   448 | D:1      | Reached XP level 3. HP: 20/26 MP: 4/4
   776 | D:2      | Reached skill level 3 in Long Blades
  1324 | D:3      | Noticed a scorpion
  1329 | D:3      | Killed a scorpion
  1329 | D:3      | Reached XP level 4. HP: 28/33 MP: 5/5
  1365 | D:3      | Reached skill level 4 in Long Blades
  1538 | D:3      | Noticed stickyfingers's ghost (weakling HOMo)
  1544 | D:3      | Killed stickyfingers's ghost
  1544 | D:3      | Reached skill level 1 in Dodging
  1544 | D:3      | Reached XP level 5. HP: 18/37 MP: 6/6
  2535 | D:4      | Noticed an ogre
  2546 | D:4      | Killed an ogre
  2546 | D:4      | Reached skill level 5 in Long Blades
  2546 | D:4      | Reached XP level 6. HP: 35/43 MP: 7/7
  2569 | D:4      | Killed from afar by an orc priest

Vault maps used:
D:1:      lightli_iron_boxes, minmay_door_square
D:3:      minmay_cupped
D:4:      lemuel_crystal_altar, first_bread, serial_shops, kennysheep_mini_moat,
          serial_bayou_pond_e

Skill      XL: |  1  2  3  4  5 |
---------------+----------------+-----
Armour         | 3 4 |  4.2
Long Blades    | 3 4 5 |  5.3
Dodging        | 1 |  1.9
Fighting       | 4 |  4.0
Shields        | |  2.6

Action                   |  1- 3 |  4- 6 || total
-------------------------+-------+-------++-------
Melee: Long sword        |   121 |   100 ||   221
  Use: Scroll            |     1 |     1 ||     2
       Potion            |       |     4 ||     4
  Eat: Chunk             |       |     5 ||     5
Armor: Scale mail        |    61 |    47 ||   108
Dodge: Dodged            |    50 |    54 ||   104
